 Dungeon Crawl Stone Soup version 0.29-a0-559-g359e09b9d1 (webtiles) character file.

Game seed: 16347667895569342074

62785 DocClef the Covert (level 15, -2/120 HPs)
             Began as a Gnoll Delver on June 10, 2022.
             Was a High Priest of Okawaru.
             Slain by an orc warrior
             ... wielding a +0 long sword
             ... led by an orc knight
              (16 damage)
             ... on level 2 of the Orcish Mines.
             The game lasted 00:38:59 (25128 turns).

DocClef the Covert (Gnoll Delver)                  Turns: 25128, Time: 00:38:59

Health: -2/120     AC: 28    Str: 18    XL:     15   Next: 7%
Magic:  26/28      EV: 22    Int: 10    God:    Okawaru [*****.]
Gold:   2107       SH:  5    Dex: 25    Spells: 33/33 levels left

rFire   . . .      SeeInvis .   N - +9 demon trident (protect)
rCold   . . .      Faith    .   (no shield)
rNeg    . . .      Spirit   .   n - +1 scale mail of the Breadfruit {Dex+3}
rPois   .          Reflect  +   (no helmet)
rElec   .          Harm     .   E - +2 cloak
rCorr   .          Rampage  .   r - +1 Delatra's gloves {ID++}
Will    +....                   F - +2 pair of boots
Stlth   ++++++....              h - amulet of reflection
HPRegen 0.30/turn               u - +6 ring of strength
MPRegen 0.21/turn               (no ring)

@: heroic, under a protective aura, studying Slings
A: fangs 1, strong nose, distributed training, agile 1
a: Renounce Religion, Heroism, Finesse, Duel


You were on level 2 of the Orcish Mines.
You worshipped Okawaru.
Okawaru was extremely pleased with you.
You visited 5 branches of the dungeon, and saw 19 of its levels.
You also visited: Bailey and Volcano.

You collected 2107 gold pieces.

Inventory:

Hand Weapons
 o - a +2 triple sword of holy wrath
 B - the +11 battleaxe of Xuichoe {flame, Will+}
   (You found it in a bailey)

   It burns those it strikes, dealing additional fire damage.
   Big, fiery blades are also staple armaments of hydra-hunters.
   Will:      It increases your willpower.
 N - a +9 demon trident of protection (weapon)
 S - a +2 longbow of flaming
Missiles
 a - 23 atropa-tipped darts
 s - 31 javelins (quivered)
 w - 5 curare-tipped darts
 x - 7 throwing nets
Armour
 b - a +0 crystal plate armour
 n - the +1 scale mail of the Breadfruit (worn) {Dex+3}
   (You found it on level 3 of the Dungeon)

   Dex:       It affects your dexterity (+3).
 r - the +1 Delatra's gloves (worn) {ID++}
   (You found it on level 2 of the Dungeon)

   It heals its wearer when they drink unknown potions.
   It restores its wearer's MP when they read unknown scrolls.
 A - a +3 leather armour of fire resistance
 C - a +2 leather armour of poison resistance
 D - a +1 chain mail of cold resistance
 E - a +2 cloak (worn)
 F - a +2 pair of boots (worn)
Jewellery
 h - an amulet of reflection (around neck)
 i - a ring of ice
 u - a +6 ring of strength (left hand)
 O - a +6 ring of dexterity
 Y - a ring of ice
Wands
 g - a wand of digging (26)
 z - a wand of paralysis (12)
 J - a wand of polymorph (4)
 M - a wand of acid (1)
 X - a wand of mindburst (6)
Scrolls
 c - 2 scrolls of fog
 d - 2 scrolls of magic mapping
 e - 3 scrolls of fear
 k - 15 scrolls of identify
 l - a scroll of enchant weapon
 y - 4 scrolls of teleportation
 K - 2 scrolls of poison {unknown}
 R - a scroll of torment {unknown}
 V - a scroll of silence {unknown}
 Z - a scroll of blinking
Potions
 f - a potion of heal wounds
 j - 9 potions of curing
 m - 5 potions of cancellation
 v - a potion of flight
 H - 4 potions of might
 I - 2 potions of invisibility
 L - 4 potions of magic
 P - 2 potions of brilliance
 Q - a potion of haste
 T - a potion of berserk rage
 U - a potion of mutation
Miscellaneous
 W - a tin of tremorstones (2/2)


   Skills:
 + Level 11.7(16.7) Fighting
 + Level 10.8(15.8) Short Blades
 + Level 9.8(14.8) Long Blades
 + Level 9.8(14.8) Axes
 + Level 9.8(14.8) Maces & Flails
 + Level 9.8(14.8) Polearms
 + Level 9.8(14.8) Staves
 + Level 13.2(18.2) Slings
 + Level 9.8(14.8) Bows
 + Level 9.8(14.8) Crossbows
 + Level 9.8(14.8) Throwing
 + Level 9.8(14.8) Armour
 + Level 10.8(15.8) Dodging
 + Level 13.4(18.4) Stealth
 + Level 9.8(14.8) Shields
 + Level 9.8(14.8) Unarmed Combat
 + Level 9.8 Spellcasting
 + Level 8.2 Conjurations
 + Level 8.2 Hexes
 + Level 8.2 Summonings
 + Level 8.2 Necromancy
 + Level 8.2 Translocations
 + Level 8.2 Transmutations
 + Level 8.2 Fire Magic
 + Level 8.2 Ice Magic
 + Level 8.2 Air Magic
 + Level 8.2 Earth Magic
 + Level 8.2 Poison Magic
 + Level 10.6 Invocations
 + Level 9.8 Evocations


You had 33 spell levels left.
You didn't know any spells.
Your spell library contained the following spells:

 Spells                   Type           Power      Damage    Failure   Level
 Apportation              Tloc           42%        N/A       1%          1
 Magic Dart               Conj           84%        1d7       1%          1
 Necrotize                Necr           84%        1d8       1%          1
 Searing Ray              Conj           42%        2d6       1%          2
 Static Discharge         Conj/Air       21%        N/A       1%          2
 Dazzling Flash           Conj/Hex       42%        N/A       3%          3
 Ignite Poison            Fire/Tmut/Pois 21%        N/A       3%          3
 Inner Flame              Hex/Fire       21%        N/A       3%          3
 Mephitic Cloud           Conj/Pois/Air  21%        N/A       3%          3
 Vampiric Draining        Necr           21%        2d7       3%          3
 Cause Fear               Hex            10%        N/A       11%         4
 Fulminant Prism          Conj/Hex       10%        3d9       11%         4
 Iskenderun's Mystic Bla  Conj/Tloc      21%        2d6       11%         4
 Leda's Liquefaction      Hex/Erth       10%        N/A       11%         4
 Passage of Golubria      Tloc           21%        N/A       11%         4
 Agony                    Necr           21%        N/A       30%         5
 Alistair's Intoxication  Tmut/Pois      14%        N/A       30%         5
 Freezing Cloud           Conj/Ice/Air   10%        6-21      30%         5
 Lightning Bolt           Conj/Air       10%        1d23      30%         5
 Silence                  Hex/Air        10%        N/A       30%         5
 Starburst                Conj/Fire      10%        6d5       86%         6
 Discord                  Hex            10%        N/A       100%        8
 Lehudib's Crystal Spear  Conj/Erth      10%        10d4      100%        8
 Maxwell's Capacitive Co  Air            10%        ∞         100%        8
 Monstrous Menagerie      Summ           Unusable   N/A       N/A         7

Dungeon Overview and Level Annotations

Branches:
Dungeon (9/15)             Temple (1/1) D:4            Lair (6/6) D:9
  Swamp (1/4) Lair:2       Spider (0/4) Lair:3        Slime (0/5) Lair:6
    Orc (2/2) D:9          Bailey (visited)         Volcano (visited)
    Elf: Orc:2

Altars:
Ashenzari
Cheibriados
Dithmenos
Elyvilon
Fedhas
Gozag
Hepliaklqana
Kikubaaqudgha
Makhleb
Nemelex Xobeh
Okawaru
Qazlal
Ru
Sif Muna
Trog
Uskayaw
Vehumet
Wu Jian
Xom
Zin
The Shining One
Jiyva

Shops:
Orc:2 [(

Annotations:
D:6 2 transporters
D:8 3 runed translucent doors, vulpzor's ghost, journeyman HuBe
Lair:1 exclusion: 2 oklob plants
Lair:4 2 transporters
Lair:6 1 runed translucent door, exclusion: 2 oklob plants


Innate Abilities, Weirdness & Mutations

You have very sharp teeth.
Your uncanny sense of smell can sniff out nearby items.
Your experience applies equally to all skills.
You are agile. (Dex +2)


Message History

You barely miss the warg. You punch the warg.
The warg is moderately wounded.
The warg closely misses you. The orc completely misses you.
The orc warrior hits you with a +0 long sword.
You closely miss the warg.
The warg is moderately wounded.
The warg barely misses you. The orc hits you with a +0 flail!
* * * LOW HITPOINT WARNING * * *
The orc warrior hits you but does no damage.
You puncture the warg!
The warg is severely wounded.
You block the warg's attack. The orc hits you but does no damage.
You block the orc warrior's attack.
You puncture the warg!
You kill the warg!
Okawaru accepts your kill.
You hit the orc warrior but do no damage.
You punch the orc warrior.
The orc warrior is lightly wounded.
The orc warrior misses you. The orc barely misses you.
You closely miss the orc warrior.
You bite the orc warrior, but do no damage.
The orc warrior is lightly wounded.
The orc no longer looks unusually strong.
The orc warrior hits you with a +0 long sword!
* * * LOW HITPOINT WARNING * * *
The orc barely misses you.
You puncture the orc warrior!
The orc warrior is heavily wounded.
The orc warrior hits you with a +0 long sword.
* * * LOW HITPOINT WARNING * * *
The orc closely misses you.
Unknown command.
You gain the combat prowess of a mighty hero.
The orc warrior misses you. The orc hits you with a +0 flail.
* * * LOW HITPOINT WARNING * * *
You hit the orc warrior.
The orc warrior is severely wounded.
The orc warrior hits you with a +0 long sword!
You die...

#.....#.##........##
#.#....#####........#
# #......###.†...####
#............).##
###......)......#
###....).....##
#....).....#.##
#........##....
##...@o..........
.#.#...).o.......#..
.......<.........#
.................#
#......###.........
#...... #.........
....... ##........
....... .........
...##.. .........


You could see an orc warrior (strong) and an orc.

Vanquished Creatures
  Kirke (Lair:5)
  An orc warlord (Orc:2)
  Nessos (Lair:6)
  The ghost of Luuqe the Impaler, a journeyman MfGl of Yredelemnul (Lair:4)
  Snorg (Lair:6)
  5 hydras
  Harold (Orc:1)
  6 death yaks
  2 orc high priests (Orc:2)
  Urug (Lair:4)
  A goliath frog (Lair:6)
  Amaemon (D:9)
  4 orc knights
  An orc sorcerer (Orc:2)
  5 elephants (Lair:2)
  7 black mambas
  A molten gargoyle (Volcano)
  19 cane toads
  2 gargoyles (Volcano)
  An orange demon (D:9)
  2 rime drakes
  10 komodo dragons
  4 trolls
  2 polar bears (Lair:6)
  Grinder (D:3)
  29 blink frogs
  5 tyrant leeches
  2 wyverns
  A wraith (D:9)
  52 yaks
  A fire elemental (Volcano)
  A basilisk (Lair:1)
  Eustachio (D:6)
  6 hogs (Lair:5)
  A steam dragon (Lair:4)
  5 vampire mosquitoes (Lair:6)
  6 wargs
  2 swamp worms (Lair:2)
  11 water moccasins
  2 hell hounds (Lair:6)
  23 orc warriors
  10 black bears
  7 ogres
  2 ice beasts
  2 sky beasts
  39 wolves
  2 centaurs
  A kobold brigand (D:7)
  24 bullfrogs
  9 gnoll sergeants
  2 necrophages
  3 scorpions (D:5)
  3 wights (D:9)
  6 killer bees (D:9)
  2 electric eels
  8 howler monkeys
  A jelly (D:6)
  9 hounds
  13 orc priests
  Crazy Yiuf (D:7)
  8 gnoll shamans
  4 iguanas
  21 orc wizards
  12 hell rats (Lair:3)
  36 gnolls
  12 adders
  A shadow imp (D:7)
  6 white imps
  An ufetubus (D:4)
  A worm (D:3)
  4 dart slugs
  54 orcs
  7 ball pythons
  9 bats
  8 endoplasms
  4 giant cockroaches
  8 hobgoblins
  8 kobolds
  5 quokkas
  7 frilled lizards
  6 goblins
  6 rats
601 creatures vanquished.

Vanquished Creatures (others)
  A cane toad (Lair:4)
  3 demonic plants (D:3)
  56 fungi
  95 plants
  2 withered plants (D:3)
157 creatures vanquished.

Grand Total: 758 creatures vanquished

Notes
Turn   | Place    | Note
-------+----------+-------------------------------------------
     0 | D:5      | DocClef the Gnoll Delver began the quest for the Orb.
     0 | D:5      | Reached XP level 1. HP: 23/23 MP: 1/1
     2 | D:5      | Noticed an iguana
     9 | D:5      | Killed an iguana
    10 | D:5      | Reached XP level 2. HP: 29/29 MP: 2/2
    10 | D:5      | Reached XP level 3. HP: 35/35 MP: 3/3
   182 | D:4      | Found a staircase to the Ecumenical Temple.
   190 | D:4      | Reached skill level 1 in Invocations
   193 | Temple   | Entered the Ecumenical Temple
   392 | Temple   | Became a worshipper of Warmaster Okawaru
   584 | D:4      | Reached skill level 1 in Long Blades
   584 | D:4      | Reached skill level 1 in Axes
   584 | D:4      | Reached skill level 1 in Maces & Flails
   584 | D:4      | Reached skill level 1 in Polearms
   584 | D:4      | Reached skill level 1 in Staves
   584 | D:4      | Reached skill level 1 in Slings
   584 | D:4      | Reached skill level 1 in Bows
   584 | D:4      | Reached skill level 1 in Crossbows
   584 | D:4      | Reached skill level 1 in Throwing
   584 | D:4      | Reached skill level 1 in Armour
   584 | D:4      | Reached skill level 1 in Shields
   584 | D:4      | Reached skill level 1 in Unarmed Combat
   584 | D:4      | Reached skill level 1 in Spellcasting
   584 | D:4      | Reached skill level 1 in Evocations
   627 | D:4      | Reached XP level 4. HP: 39/41 MP: 5/5
   684 | D:4      | Noticed an ogre
   701 | D:3      | Noticed Grinder
   834 | D:3      | Reached skill level 1 in Conjurations
   834 | D:3      | Reached skill level 1 in Hexes
   834 | D:3      | Reached skill level 1 in Summonings
   834 | D:3      | Reached skill level 1 in Necromancy
   834 | D:3      | Reached skill level 1 in Translocations
   834 | D:3      | Reached skill level 1 in Transmutations
   834 | D:3      | Reached skill level 1 in Fire Magic
   834 | D:3      | Reached skill level 1 in Ice Magic
   834 | D:3      | Reached skill level 1 in Air Magic
   834 | D:3      | Reached skill level 1 in Earth Magic
   834 | D:3      | Reached skill level 1 in Poison Magic
   923 | D:3      | Identified the +1 scale mail of the Breadfruit {Dex+3}
   987 | D:3      | Paralysed by Grinder for 5 turns
   996 | D:3      | Killed Grinder
   996 | D:3      | Reached * piety under Okawaru
   997 | D:3      | Reached skill level 5 in Short Blades
   997 | D:3      | Reached skill level 5 in Dodging
   997 | D:3      | Reached XP level 5. HP: 7/47 MP: 5/7
   997 | D:3      | Reached XP level 6. HP: 8/53 MP: 5/8
  1512 | D:3      | Found a faded altar of an unknown god.
  2390 | D:2      | Found the +1 Delatra's gloves {ID++}
  3938 | D:4      | Reached ** piety under Okawaru
  3939 | D:4      | Reached XP level 7. HP: 60/60 MP: 7/10
  4395 | D:4      | Reached skill level 10 in Stealth
  4678 | D:4      | Reached XP level 8. HP: 49/67 MP: 9/12
  5045 | D:5      | Noticed a yak
  5119 | D:5      | Reached *** piety under Okawaru
  5276 | D:5      | Killed a yak
  5709 | D:6      | Reached XP level 9. HP: 18/72 MP: 14/14
  6504 | D:6      | Noticed Eustachio
  6563 | D:6      | Killed Eustachio
  7061 | D:6      | Reached skill level 5 in Slings
  7112 | D:6      | Found a transporter.
  7262 | D:6      | Found a transporter.
  7857 | D:7      | Reached **** piety under Okawaru
  7979 | D:7      | Reached skill level 5 in Invocations
  8044 | D:7      | Found a flagged portal.
  8056 | Bailey   | Entered a bailey
  8288 | Bailey   | Reached XP level 10. HP: 33/80 MP: 10/17
  8296 | Bailey   | Gained mutation: You are agile. (Dex +2) [potion of
                  | mutation]
  8777 | Bailey   | Reached skill level 5 in Long Blades
  8777 | Bailey   | Reached skill level 5 in Axes
  8777 | Bailey   | Reached skill level 5 in Maces & Flails
  8777 | Bailey   | Reached skill level 5 in Polearms
  8777 | Bailey   | Reached skill level 5 in Staves
  8777 | Bailey   | Reached skill level 5 in Bows
  8777 | Bailey   | Reached skill level 5 in Crossbows
  8777 | Bailey   | Reached skill level 5 in Throwing
  8777 | Bailey   | Reached skill level 5 in Armour
  8777 | Bailey   | Reached skill level 5 in Shields
  8777 | Bailey   | Reached skill level 5 in Unarmed Combat
  8777 | Bailey   | Reached skill level 5 in Spellcasting
  8777 | Bailey   | Reached skill level 5 in Evocations
  8805 | Bailey   | Identified the +11 battleaxe of Xuichoe {flame, Will+}
  8890 | Bailey   | Received a gift from Okawaru
  9149 | Bailey   | Got the Almanac of Beguiling and the Escort
  9497 | D:7      | Found a runed translucent door.
  9498 | D:7      | Noticed Crazy Yiuf
 10247 | D:7      | Killed Crazy Yiuf
 10307 | D:8      | Noticed a two-headed ogre
 10322 | D:8      | Noticed vulpzor's ghost (journeyman HuBe)
 10350 | D:8      | Noticed a cyclops
 10353 | D:8      | Found a runed translucent gate.
 10353 | D:8      | Found a runed translucent gate.
 10353 | D:8      | Found a runed translucent gate.
 10584 | D:8      | Received a gift from Okawaru
 11346 | D:9      | Reached XP level 11. HP: 25/87 MP: 14/19
 11645 | D:9      | Received a gift from Okawaru
 11978 | D:9      | Reached skill level 5 in Conjurations
 11978 | D:9      | Reached skill level 5 in Hexes
 11978 | D:9      | Reached skill level 5 in Summonings
 11978 | D:9      | Reached skill level 5 in Necromancy
 11978 | D:9      | Reached skill level 5 in Translocations
 11978 | D:9      | Reached skill level 5 in Transmutations
 11978 | D:9      | Reached skill level 5 in Fire Magic
 11978 | D:9      | Reached skill level 5 in Ice Magic
 11978 | D:9      | Reached skill level 5 in Air Magic
 11978 | D:9      | Reached skill level 5 in Earth Magic
 11978 | D:9      | Reached skill level 5 in Poison Magic
 12156 | D:9      | Found a staircase to the Lair.
 12698 | D:9      | Noticed Amaemon
 12712 | Lair:1   | Entered Level 1 of the Lair of Beasts
 13596 | Lair:1   | Reached ***** piety under Okawaru
 14055 | Lair:1   | Noticed an oklob plant
 14055 | Lair:1   | Noticed an oklob plant
 14383 | Lair:2   | Reached XP level 12. HP: 54/96 MP: 20/22
 14643 | Lair:2   | Reached ****** piety under Okawaru
 14830 | Lair:2   | Received a gift from Okawaru
 15087 | Lair:2   | Received a gift from Okawaru
 15370 | Lair:2   | Noticed an eight-headed hydra
 15378 | Lair:2   | Killed a six-headed hydra
 15378 | Lair:2   | Received a gift from Okawaru
 15393 | Lair:2   | Noticed a death yak
 15394 | Lair:2   | Noticed a death yak
 15394 | Lair:2   | Noticed a death yak
 15394 | Lair:2   | Noticed a death yak
 15408 | Lair:2   | Reached skill level 10 in Slings
 15408 | Lair:2   | Noticed a death yak
 15410 | Lair:2   | Noticed a death yak
 15426 | Lair:1   | Killed a death yak
 15427 | Lair:1   | Reached skill level 10 in Fighting
 15690 | Lair:2   | Received a gift from Okawaru
 16385 | Lair:2   | Killed a death yak
 16385 | Lair:2   | Received a gift from Okawaru
 16389 | Lair:2   | Killed a death yak
 16397 | Lair:2   | Killed a death yak
 16400 | Lair:2   | Killed a death yak
 16407 | Lair:2   | Killed a death yak
 16408 | Lair:2   | Reached XP level 13. HP: 100/103 MP: 19/24
 17021 | Lair:2   | Received a gift from Okawaru
 17261 | Lair:2   | Found a staircase to the Swamp.
 17417 | Swamp:1  | Entered Level 1 of the Swamp
 18190 | Lair:3   | Found a hole to the Spider Nest.
 18792 | Lair:4   | Found a transporter.
 18905 | Lair:4   | Found a large runed translucent door.
 18906 | Lair:4   | Found a large runed translucent door.
 18909 | Lair:4   | Noticed Luuqe's ghost (journeyman MfGl)
 19057 | Lair:4   | Noticed Urug
 19079 | Lair:4   | Killed Urug
 19303 | Lair:4   | Found a transporter.
 19506 | Lair:5   | Found a gate leading to a gauntlet.
 19522 | Lair:5   | Received a gift from Okawaru
 19528 | Lair:5   | Noticed Kirke
 19538 | Lair:5   | Received a gift from Okawaru
 19547 | Lair:5   | Killed Kirke
 19553 | Lair:5   | Received a gift from Okawaru
 19558 | Lair:5   | Reached skill level 10 in Short Blades
 19558 | Lair:5   | Reached skill level 10 in Dodging
 19558 | Lair:5   | Reached XP level 14. HP: 66/113 MP: 22/26
 19567 | Lair:5   | You fall into a shaft and drop 1 floor!
 19567 | Lair:6   | Entered Level 6 of the Lair of Beasts
 19587 | Lair:6   | Received a gift from Okawaru
 19621 | Lair:6   | Found a dark tunnel.
 19633 | Volcano  | Entered a volcano
 20177 | Lair:6   | Reached skill level 10 in Invocations
 20922 | Lair:6   | Noticed Nessos
 20936 | Lair:6   | Killed Nessos
 21388 | Lair:6   | HP: 3/113 [acid (9)]
 21426 | Lair:6   | Received a gift from Okawaru
 22068 | Lair:6   | Noticed Snorg
 22085 | Lair:6   | Killed Snorg
 22085 | Lair:6   | Identified the -2 pair of gloves of Zoeggiwi {rCorr}
                  | (Okawaru gifted it to you on level 6 of the Lair of Beasts)
 22085 | Lair:6   | Received a gift from Okawaru
 22442 | Lair:6   | Found a runed translucent door.
 22443 | Lair:6   | Found a viscous altar of Jiyva.
 22444 | Lair:6   | Noticed an azure jelly
 22447 | Lair:6   | Found a staircase to the Slime Pits.
 22447 | Lair:6   | Noticed an azure jelly
 23202 | Lair:4   | Killed Luuqe's ghost
 23438 | D:9      | Killed Amaemon
 23512 | D:9      | Found a staircase to the Orcish Mines.
 23598 | Orc:1    | Entered Level 1 of the Orcish Mines
 23855 | Orc:1    | Noticed Harold
 23872 | Orc:1    | Killed Harold
 24253 | Orc:2    | Entered Level 2 of the Orcish Mines
 24374 | Orc:2    | Found Olusodout's Antique Weapon Shop.
 24594 | Orc:2    | Found Kakilo's Antique Armour Emporium.
 24636 | Orc:2    | Noticed an orc warlord
 24820 | Orc:2    | Killed an orc warlord
 24960 | Orc:2    | Reached XP level 15. HP: 120/120 MP: 28/28
 25128 | Orc:2    | Slain by an orc warrior

Illustrated notes

Levels and vault maps discovered:
D:1:      dpeg_arrival_morbid_curiosity, layout_basic
D:2:      layout_rooms, pf_guarded_unrand_delatra
D:3:      layout_basic, shapermc_ecumenical_altar_gd, st_stairs_2, uniq_grinder
D:4:      layout_basic, minmay_temple_entry_junction
D:5:      layout_rooms, minmay_manual_monolith
D:6:      gammafunk_steamed_eel, layout_loops_ring, uniq_eustachio
D:7:      layout_loops_ring, enter_bailey_2, serial_rivers,
          chequers_serial_rivers_large_b, chequers_serial_rivers_micro_e,
          chequers_serial_rivers_room_a, chequers_serial_rivers_room_b,
          chequers_serial_rivers_room_a, st_stairs_4, uniq_crazy_yiuf_cottage
D:8:      layout_basic, gammafunk_ghost_split
D:9:      layout_basic, dpeg_oklobed_lair, orc_0_dummy, uniq_amaemon
Temple:   minmay_crystal_snake_temple
Lair:1:   dpeg_oklob_gauntlet, layout_cave_pods, dreamdust_mushroom_princess,
          chequers_serial_rivers_micro_e
Lair:2:   layout_chaotic_city, palyth_hydra_swamp_entry, serial_bayou_shore_a,
          grunt_megastairs_3, infiniplex_staircase_pool, lemuel_fruit_tree
Lair:3:   layout_loops_ring, spider_nest_entry_webs, beast_lair_carwin_1
Lair:4:   gammafunk_worm_tunnel, layout_hall_layers,
          ebering_ghost_disaster_area, uniq_urug
Lair:5:   layout_gridlike, gauntlet_entry_generic, uniq_kirke
Lair:6:   minmay_lair_end_frog_pond, layout_small_grid, slime_altar_2,
          enter_volcano_3, st_stairs_13, dpeg_oklob_1, serial_bayou_shore_b,
          uniq_nessos, uniq_snorg
Swamp:1:  layout_falls_marsh, evilmike_swamp_ruin_house_2
Orc:1:    layout_diamond_mine, uniq_harold
Orc:2:    grunt_orc_gardens, layout_diamond_mine, grunt_orc_garden,
          grunt_orc_garden, grunt_orc_garden, grunt_orc_garden, serial_shops,
          shop

Skill      XL: |  1  2  3  4  5  6  7  8  9 10 11 12 13 14 |
---------------+-------------------------------------------+-----
Stealth        | 10 11 12 13 | 13.4
Invocations    | 1 2 3 4 5 6 7 8 9 10 | 10.6
Long Blades    | 1 2 3 4 5 6 7 8 9 |  9.8
Axes           | 1 2 3 4 5 6 7 8 9 |  9.8
Maces & Flails | 1 2 3 4 5 6 7 8 9 |  9.8
Polearms       | 1 2 3 4 5 6 7 8 9 |  9.8
Staves         | 1 2 3 4 5 6 7 8 9 |  9.8
Slings         | 1 2 4 6 7 9 10 11 13 | 13.2
Bows           | 1 2 3 4 5 6 7 8 9 |  9.8
Crossbows      | 1 2 3 4 5 6 7 8 9 |  9.8
Throwing       | 1 2 3 4 5 6 7 8 9 |  9.8
Armour         | 1 2 3 4 5 6 7 8 9 |  9.8
Shields        | 1 2 3 4 5 6 7 8 9 |  9.8
Unarmed Combat | 1 2 3 4 5 6 7 8 9 |  9.8
Spellcasting   | 1 2 3 4 5 6 7 8 9 |  9.8
Evocations     | 1 2 3 4 5 6 7 8 9 |  9.8
Conjurations   | 1 2 3 4 5 6 7 8 |  8.2
Hexes          | 1 2 3 4 5 6 7 8 |  8.2
Summonings     | 1 2 3 4 5 6 7 8 |  8.2
Necromancy     | 1 2 3 4 5 6 7 8 |  8.2
Translocations | 1 2 3 4 5 6 7 8 |  8.2
Transmutations | 1 2 3 4 5 6 7 8 |  8.2
Fire Magic     | 1 2 3 4 5 6 7 8 |  8.2
Ice Magic      | 1 2 3 4 5 6 7 8 |  8.2
Air Magic      | 1 2 3 4 5 6 7 8 |  8.2
Earth Magic    | 1 2 3 4 5 6 7 8 |  8.2
Poison Magic   | 1 2 3 4 5 6 7 8 |  8.2
Short Blades   | 5 6 7 8 9 10 | 10.8
Dodging        | 5 6 7 8 9 10 | 10.8
Fighting       | 7 8 9 10 11 | 11.7

Action                   |  1- 3 |  4- 6 |  7- 9 | 10-12 | 13-15 || total
-------------------------+-------+-------+-------+-------+-------++-------
Melee: Short sword       |    29 |   266 |   305 |       |       ||   600
       Bite              |     4 |    22 |    88 |    47 |    72 ||   233
       Punch             |       |     2 |    41 |     8 |     6 ||    57
       Dagger            |       |       |   146 |       |       ||   146
       Rapier            |       |       |   151 |       |       ||   151
       Trident           |       |       |     6 |   116 |       ||   122
       Battleaxe         |       |       |       |   388 |   502 ||   890
       Demon trident     |       |       |       |       |    85 ||    85
Throw: Javelin           |       |       |       |     4 |       ||     4
Invok: Heroism           |       |     1 |    10 |    12 |    20 ||    43
       Finesse           |       |       |     2 |     7 |     9 ||    18
  Use: Potion            |       |     5 |     8 |     4 |     7 ||    24
       Scroll            |       |     4 |     1 |       |    15 ||    20
 Stab: Sleeping          |     1 |    18 |     6 |    11 |     8 ||    44
       Distracted        |     1 |       |     2 |     1 |     2 ||     6
       Invisible         |       |     1 |       |       |       ||     1
Armor: Leather armour    |     1 |    14 |       |       |       ||    15
       Scale mail        |       |    62 |   146 |   189 |   178 ||   575
       Skin              |       |       |    11 |       |       ||    11
Dodge: Dodged            |    23 |   102 |   301 |   424 |   535 ||  1385
Block: Other             |       |    19 |   123 |   132 |   137 ||   411
       Reflection        |       |       |     2 |     2 |       ||     4

Table legend: (Time is in decaauts)
 A = Elapsed time spent in this place.
 B = Non-inter-level travel time spent in this place.
 C = Inter-level travel time spent in this place.
 D = Time resting spent in this place.
 E = Time spent auto-exploring this place.
 F = Levels seen in this place.
 G = Mean time per level.
                   A        B        C        D        E       F      G
               +--------+--------+--------+--------+--------+-----+--------+
         Total |  24957 |  24072 |    885 |   5813 |  13671 |  21 | 1188.4 |
       Dungeon |  11272 |  10948 |    324 |   1965 |   6781 |   9 | 1252.4 |
        Temple |    237 |    171 |     66 |      0 |    150 |   1 |  237.0 |
          Lair |  10281 |   9827 |    454 |   2928 |   5334 |   6 | 1713.5 |
         Swamp |      1 |      1 |      0 |      0 |      0 |   1 |    1.0 |
  Orcish Mines |   1506 |   1465 |     41 |     43 |   1023 |   2 |  753.0 |
        Bailey |   1128 |   1128 |      0 |    509 |    382 |   1 | 1128.0 |
       Volcano |    528 |    528 |      0 |    367 |      0 |   1 |  528.0 |
               +--------+--------+--------+--------+--------+-----+--------+

Top non-repeatable levels by time:
  Lair:2: 3004 daAuts
  Lair:6: 1991 daAuts
  Lair:1: 1879 daAuts
     D:6: 1675 daAuts
     D:9: 1577 daAuts
     D:4: 1523 daAuts
     D:3: 1355 daAuts
     D:7: 1276 daAuts
  Lair:4: 1150 daAuts
  Lair:3: 1129 daAuts
  Bailey: 1128 daAuts
  Lair:5: 1127 daAuts
     D:5: 1111 daAuts
     D:8: 1017 daAuts
     D:1: 997 daAuts
